 Dungeon Crawl Stone Soup version 0.29-a0-321-gf1c400731a (webtiles) character file.

Game seed: 12538284540940789566

4 Flugslaktarn the Stinger (level 1, 0/13 HPs)
             Began as a Human Venom Mage on Apr 3, 2022.
             Slain by a giant cockroach (2 damage)
             ... on level 1 of the Dungeon.
             The game lasted 00:00:32 (68 turns).

Flugslaktarn the Stinger (Human Venom Mage)           Turns: 68, Time: 00:00:32

Health: 0/13       AC:  2    Str:  8    XL:     1   Next: 77%
Magic:  1/3        EV: 12    Int: 15    God:
Gold:   10         SH:  0    Dex: 13    Spells: 3/4 levels left

rFire   . . .      SeeInvis .   c - +0 club
rCold   . . .      Faith    .   (no shield)
rNeg    . . .      Spirit   .   a - +0 robe
rPois   .          Reflect  .   (no helmet)
rElec   .          Harm     .   (no cloak)
rCorr   .          Rampage  .   (no gloves)
Will    .....                   (no boots)
Stlth   ++........              (no amulet)
HPRegen 0.04/turn               (no ring)
MPRegen 0.08/turn               (no ring)

@: no status effects
A: no striking features
a: no special abilities


You were on level 1 of the Dungeon.
You visited 1 branch of the dungeon, and saw 1 of its levels.

You collected 10 gold pieces.

Inventory:

Hand Weapons
 c - a +0 club (weapon)
   (You took it off a kobold on level 1 of the Dungeon)
Armour
 a - a +0 robe (worn)
Potions
 b - a potion of magic


   Skills:
 - Level 2.0 Dodging
 - Level 2.0 Stealth
 - Level 2.0 Spellcasting
 + Level 1.3 Transmutations
 + Level 3.1 Poison Magic


You had 3 spell levels left.
You knew the following spells:

 Your Spells              Type           Power      Damage    Failure   Level
a - Sting                 Tmut/Pois      32%        1d4       9%          1

Your spell library contained the following spells:

 Spells                   Type           Power      Damage    Failure   Level
 Poisonous Vapours        Pois/Air       12%        N/A       17%         2
 Mephitic Cloud           Conj/Pois/Air  4%         N/A       41%         3
 Olgreb's Toxic Radiance  Pois           11%        N/A       52%         4


Dungeon Overview and Level Annotations

Branches:
Dungeon (1/15)

Altars:


Message History

Confirm with . or Enter, or press ? or * to list all spells.
Aiming: Sting (safe; 10% risk of failure)
Press: ? - help, Shift-Dir - straight line, f - kobold
Aim: a kobold, wielding a +0 club (60% to hit)
You miscast Sting.
You are very lightly contaminated with residual magic.
Nothing appears to happen.
Casting: Sting (safe; 10% risk of failure)
Confirm with . or Enter, or press ? or * to list all spells.
Aiming: Sting (safe; 10% risk of failure)
Press: ? - help, Shift-Dir - straight line, f/p - kobold
Aim: a kobold, wielding a +0 club (60% to hit)
The sting hits the kobold but does no damage.
The kobold is poisoned.
The kobold attacks as you move away! The kobold barely misses you.
You closely miss the kobold.
The kobold is severely wounded.
You kill the kobold!
Casting: Sting (safe; 10% risk of failure)
Confirm with . or Enter, or press ? or * to list all spells.
Aiming: Sting (safe; 10% risk of failure)
Press: ? - help, Shift-Dir - straight line, f - giant cockroach
Aim: a giant cockroach (68% to hit)
The sting hits the giant cockroach but does no damage.
The giant cockroach is poisoned.
You hit the giant cockroach but do no damage.
The giant cockroach is severely wounded.
You kill the giant cockroach!
You see here a +0 club.
c - a +0 club (weapon)
Your magical contamination has completely faded away.
As you open the door, it creaks loudly!
A quokka comes into view.
Found 10 gold pieces.
A bat comes into view.
The bat moves out of view.
You see here 10 gold pieces.
You now have 10 gold pieces.
Casting: Sting (safe; 10% risk of failure)
Confirm with . or Enter, or press ? or * to list all spells.
Aiming: Sting (safe; 10% risk of failure)
Press: ? - help, Shift-Dir - straight line, f - quokka
Aim: a quokka (56% to hit)
The sting hits the quokka but does no damage.
The quokka is poisoned.
You closely miss the quokka.
The quokka is moderately wounded.
The quokka bites you.
You closely miss the quokka. Your punch misses the quokka.
The quokka is severely wounded.
You kill the quokka!
Found 14 gold pieces and a scroll labelled HAJ JEEPAGIKKI.
Found a cyan potion, a robe and 2 gold pieces.
Found a leather armour, a spear and a peridot ring.
Found a sapphire ring.
A hobgoblin and a kobold come into view.
The hobgoblin shouts!
Casting: Sting (safe; 9% risk of failure)
Confirm with . or Enter, or press ? or * to list all spells.
You can't see any susceptible monsters within range! (Use Z to cast anyway.)
A giant cockroach comes into view.
Casting: Sting (safe; 9% risk of failure)
Confirm with . or Enter, or press ? or * to list all spells.
Aiming: Sting (safe; 9% risk of failure)
Press: ? - help, Shift-Dir - straight line, f - kobold
Aim: a kobold, wielding a +0 short sword (60% to hit)
You miscast Sting.
You are very lightly contaminated with residual magic.
Nothing appears to happen.
Casting: Sting (safe; 9% risk of failure)
Confirm with . or Enter, or press ? or * to list all spells.
Aiming: Sting (safe; 9% risk of failure)
Press: ? - help, Shift-Dir - straight line, f/p - kobold
Aim: a kobold, wielding a +0 short sword (60% to hit)
The sting hits the kobold.
The kobold is poisoned.
You kill the kobold!
You hit the hobgoblin but do no damage. The hobgoblin closely misses you.
You closely miss the hobgoblin. The hobgoblin closely misses you.
You barely miss the hobgoblin.
The hobgoblin hits you but does no damage.
The hobgoblin hits you.
Your magical contamination has completely faded away.
The giant cockroach attacks as you move away!
The giant cockroach closely misses you. The hobgoblin attacks as you move away!
The hobgoblin hits you. The giant cockroach closely misses you.
You hit the giant cockroach but do no damage.
The giant cockroach bites you.
You hit the hobgoblin.
The hobgoblin is moderately wounded.
The giant cockroach closely misses you. The hobgoblin barely misses you.
The giant cockroach barely misses you.
You hit the hobgoblin but do no damage.
The hobgoblin is moderately wounded.
The hobgoblin hits you.
* * * LOW HITPOINT WARNING * * *
The giant cockroach misses you.
You hit the hobgoblin but do no damage.
The hobgoblin is moderately wounded.
The giant cockroach bites you.
You die...

######.#...........#####
.........................
.........................#
.........................#
.........................'
...............####......#
...............# #.###.##
...............# #.# ##..
..#####.g@.....# #.# #.##
..#[!$#.B####### #.##.#
..#)[$#..# #.#.#
..#=$?#.)# #.#.
=.#####....# #
...........# ...........#
...........# ...........#


You could see a giant cockroach and a hobgoblin.

Vanquished Creatures
  A giant cockroach (D:1)
  2 kobolds (D:1)
  A quokka (D:1)
4 creatures vanquished.

Notes
Turn   | Place    | Note
-------+----------+-------------------------------------------
     0 | D:1      | Flugslaktarn the Human Venom Mage began the quest for the
                  | Orb.
     0 | D:1      | Reached XP level 1. HP: 13/13 MP: 3/3
    68 | D:1      | Slain by a giant cockroach

Illustrated notes

Levels and vault maps discovered:
D:1:      dpeg_arrival_solitude, layout_basic, due_unseen_surprise

Action                   || total
-------------------------++-------
Melee: Club              ||     9
       Unarmed           ||     2
 Cast: Sting             ||     4
Armor: Robe              ||     1
Dodge: Dodged            ||     9

Table legend: (Time is in decaauts)
 A = Elapsed time spent in this place.
 B = Non-inter-level travel time spent in this place.
 C = Inter-level travel time spent in this place.
 D = Time resting spent in this place.
 E = Time spent auto-exploring this place.
 F = Levels seen in this place.
 G = Mean time per level.
                   A        B        C        D        E       F      G
               +--------+--------+--------+--------+--------+-----+--------+
         Total |     69 |     69 |      0 |      0 |      0 |   1 |   69.0 |
       Dungeon |     69 |     69 |      0 |      0 |      0 |   1 |   69.0 |
               +--------+--------+--------+--------+--------+-----+--------+

Top non-repeatable levels by time:
     D:1: 69 daAuts
